 Dungeon Crawl Stone Soup version 0.30.0-20-g3615ddf2f0 (webtiles) character file.

Game seed: 17826426746579709663

51166 qw the Severer (level 14, -6/63 HPs)
             Began as a Gargoyle Fighter on June 1, 2023.
             Was a High Priest of Okawaru.
             Mangled by a large abomination (11 damage)
             ... on level 2 of the Abyss.
             The game lasted 00:08:50 (15441 turns).

qw the Severer (Gargoyle Fighter)                  Turns: 15441, Time: 00:08:51

Health: -6/63      AC: 28    Str: 28    XL:     14   Next: 58%
Magic:  23/23      EV: 12    Int: 10    God:    Okawaru [*****.]
Gold:   1217       SH:  7    Dex: 15    Spells: 13/13 levels left

rFire   . . .        Y - +8 war axe
rCold   + + .        c - +0 buckler
rNeg    + . .        u - +0 plate armour
rPois   inf          p - +0 helmet
rElec   +            s - +0 cloak
rCorr   .            o - +1 pair of gloves
SInv    .            (no boots)
Will    +....        i - amulet of faith Stlth
                     g - +6 ring of strength
HPRegen 0.30/turn    a - +6 ring of dexterity
MPRegen 0.18/turn

%: faith
@: heroic, flying, unable to drink
A: sickness immunity, AC +10, big wings, negative energy resistance 1,
electricity resistance, torment resistance 1, petrification resistance, cold
resistance 2, high MP 1, [deformed body], [frail 3], [weak 1], [inability to
drink after injury 1]
a: Renounce Religion, Heroism, Finesse, Duel


You were on level 2 of the Abyss.
You worshipped Okawaru.
Okawaru was extremely pleased with you.
You visited 3 branches of the dungeon, and saw 15 of its levels.
You visited the Abyss 1 time.
You also visited: Sewer.

You collected 1217 gold pieces.


Innate Abilities, Weirdness & Mutations

You are immune to sickness and miasma.
Your stone body is resilient. (AC +10)
You are immune to poison.
Your large and strong wings let you fly.
You resist negative energy. (rN+)
You are resistant to electric shocks. (rElec)
You are resistant to unholy torment.
You are immune to petrification.
Your flesh is very cold resistant. (rC++)
You have an increased reservoir of magic. (+10% MP)
[Armour fits poorly on your strangely shaped body.]
[You are extremely frail. (-30% HP)]
[You are weak. (Str -2)]
[You occasionally lose the ability to drink potions when taking damage.]


   Skills:
 + Level 11.6(16.6) Fighting
 - Level 15.0(20.0) Axes
 - Level 6.0(11.0) Throwing
 - Level 11.0(16.0) Armour
 - Level 4.0(9.0) Dodging
 - Level 7.0(12.0) Shields
 - Level 10.1 Invocations


You had 13 spell levels left.
You didn't know any spells.
Your spell library was empty.

Inventory:

Hand Weapons
 v - a -1 demon whip of venom
 Y - a +8 war axe (weapon)
Missiles
 b - a javelin (quivered)
 q - 2 boomerangs
Armour
 c - a +0 buckler (worn)
 o - a +1 pair of gloves (worn)
 p - a +0 helmet (worn)
 s - a +0 cloak (worn)
 t - the +0 robe "Hofy" {rN+ rCorr SInv}
   (Okawaru gifted it to you on level 2 of the Lair of Beasts)

   rN:        It protects you from negative energy.
   SInv:      It lets you see invisible.
   rCorr:     It protects you from acid and corrosion.
 u - a +0 plate armour (worn)
Jewellery
 a - a +6 ring of dexterity (right hand)
 g - a +6 ring of strength (left hand)
 i - an amulet of faith (around neck)
 y - a ring of fire
 A - a ring of fire
Wands
 k - a wand of digging (1)
Scrolls
 h - 7 scrolls of identify
Potions
 d - 3 potions of might
 e - 3 potions of lignification
 f - 9 potions of curing
 j - 3 potions of resistance
 l - a potion of attraction
 m - 3 potions of haste
 n - 3 potions of heal wounds

Dungeon Overview and Level Annotations

Branches:
Dungeon (9/15)             Temple (1/1) D:7            Lair (5/5) D:8
 Shoals (0/4) Lair:3       Spider (0/4) Lair:2        Slime (0/5) Lair:5
  Sewer (visited)
    Orc: D:9-12

Altars:
Ashenzari
Cheibriados
Dithmenos
Elyvilon
Fedhas
Gozag
Hepliaklqana
Kikubaaqudgha
Makhleb
Nemelex Xobeh
Okawaru
Qazlal
Ru
Trog
Uskayaw
Vehumet
Wu Jian
Xom
Yredelemnul

Annotations:
D:3 3 runed translucent doors, qw's ghost, amateur GrFi
D:5 1 runed translucent door, qw's ghost, novice GrFi
D:9 Psyche


Message History

An anaconda simulacrum comes into view.
15425 ||| Stepping ~*~*~tactically~*~*~ (stealth).
You start resting.
A large abomination comes into view.
15428 ||| Stepping ~*~*~tactically~*~*~ (stealth).
15429 ||| INVOKING Heroism.
You gain the combat prowess of a mighty hero.
The anaconda simulacrum grabs you.
The anaconda simulacrum bites you but does no damage.
The anaconda simulacrum constricts you.
You slice the anaconda simulacrum!!
The anaconda simulacrum is heavily damaged.
The anaconda simulacrum closely misses you.
The anaconda simulacrum constricts you.
You barely miss the anaconda simulacrum.
The anaconda simulacrum is heavily damaged.
You block the anaconda simulacrum's attack.
The anaconda simulacrum constricts you.
You slice the anaconda simulacrum!!
The anaconda simulacrum vaporises!
Okawaru accepts your kill.
You start resting.
A large abomination is nearby!
You are too injured to fight recklessly!
Enter note: You are too injured to fight recklessly!
Enter note: You slash the large abomination!
The large abomination is moderately damaged.
You block the large abomination's attack.
You slice the large abomination!!
The large abomination is severely damaged.
The large abomination hits you!!
You feel threatened and lose the ability to drink potions!
You barely miss the large abomination.
The large abomination is severely damaged.
You slash the large abomination!
The large abomination is almost destroyed.
The large abomination hits you!
You die...

# #. ####....... #
. #.~ ~~~.......
.. ##..
~~~......... #..~~
~~((.(.(.. #
#..~~#~~....#.. ..
##.~~~#.......# ..
#
#......X.......#.#
#......@..#..#..##
........###... ..#
..(.......... ..#
..(........... ##
.........)#..###
..........)..#
........#...##
..........#..
.#..####.......


You could see a large abomination.

Vanquished Creatures
  2 tentacled starspawn (Abyss:2)
  A rakshasa (Abyss:2)
  A hydra (Lair:5)
  3 catoblepae (Lair:5)
  12 death yaks
  2 thrashing horrors (Abyss:2)
  A wretched star (Abyss:2)
  Amaemon (Lair:1)
  3 skysharks
  A pharaoh ant (Lair:2)
  A lindwurm (Lair:5)
  4 large abominations (Abyss:2)
  Pikel (D:8)
  An oklob plant (Lair:3)
  2 manticores (Lair:5)
  A guardian serpent (Abyss:2)
  5 black mambas
  A naga mage (Abyss:2)
  8 elephants
  A smoke demon (Abyss:2)
  4 starcursed masses (Abyss:2)
  2 torpor snails (Lair:5)
  10 cane toads
  An orange demon (Lair:1)
  6 rime drakes
  An anaconda simulacrum (Abyss:2)
  7 komodo dragons
  An ancient zyme (Abyss:2)
  A hellwing (Abyss:2)
  4 polar bears
  3 raiju (Abyss:2)
  A tarantella (Lair:2)
  9 blink frogs
  6 dream sheep (Lair:5)
  A snapping turtle (Lair:3)
  2 ynoxinuls (Abyss:2)
  A jumping spider (Lair:2)
  32 yaks
  2 fire bats (Abyss:2)
  2 wyverns
  3 basilisks
  A redback (Lair:2)
  A steam dragon (Lair:4)
  27 water moccasins
  A small abomination (Abyss:2)
  2 ice beasts
  An orc warrior (D:8)
  2 sky beasts
  A black bear (D:8)
  19 wolves
  A centaur (D:6)
  3 lemures (D:8)
  A phantom (D:7)
  Blork the orc (D:6)
  6 kobold brigands
  7 bullfrogs
  A gnoll sergeant (D:7)
  A scorpion (D:6)
  8 wights
  An electric eel (Lair:3)
  A hound (D:5)
  A gnoll bouda (D:4)
  2 orc priests (D:8)
  17 jellies
  A sleepcap (D:6)
  3 iguanas (D:5)
  4 orc wizards (D:8)
  10 hell rats (Lair:4)
  7 gnolls
  24 adders
  5 river rats
  A white imp (Abyss:2)
  An ufetubus (D:6)
  7 worms
  3 dart slugs
  20 orcs
  17 ball pythons
  2 bats
  7 endoplasms
  4 giant cockroaches
  4 hobgoblins
  7 jackals
  20 kobolds
  4 quokkas
  A frilled lizard (D:2)
  4 goblins
  9 rats
  2 starspawn tentacles (Abyss:2)
424 creatures vanquished.

Vanquished Creatures (others)
  A redback (Lair:2)
  4 starspawn tentacles (Abyss:2)
5 creatures vanquished.

Grand Total: 429 creatures vanquished

Notes
Turn   | Place    | Note
-------+----------+-------------------------------------------
     0 | D:1      | qw the Gargoyle Fighter began the quest for the Orb.
     0 | D:1      | Reached XP level 1. HP: 14/14 MP: 1/1
     0 | D:1      | 0 ||| qw: Version: 0.2-a-102-gdf20003
     0 | D:1      | 0 ||| qw: Game counter: 761
     0 | D:1      | 0 ||| qw: Always use a shield: true
     0 | D:1      | 0 ||| qw: God list: Okawaru
     0 | D:1      | 0 ||| qw: Allow faded altars: false
     0 | D:1      | 0 ||| qw: Do Orc after D:15 true
     0 | D:1      | 0 ||| qw: Do second Lair branch before Depths: true
     0 | D:1      | 0 ||| qw: Lair rune preference: random
     0 | D:1      | 0 ||| qw: Plans: Normal, Zot:1-4, Slime:5, God:TSO, Crypt,
                  | Tomb, Pan, Hells, Abyss, Win
     0 | D:1      | 0 ||| PLANNING D:1-11
   257 | D:1      | Reached skill level 2 in Axes
   274 | D:1      | Reached XP level 2. HP: 19/19 MP: 2/2
   324 | D:1      | 324 ||| Stepping ~*~*~tactically~*~*~ (stealth).
   331 | D:1      | 331 ||| Stepping ~*~*~tactically~*~*~ (stealth).
   363 | D:1      | 363 ||| Stepping ~*~*~tactically~*~*~ (stealth).
   364 | D:1      | 364 ||| Stepping ~*~*~tactically~*~*~ (stealth).
   383 | D:1      | 383 ||| Stepping ~*~*~tactically~*~*~ (stealth).
   439 | D:1      | 439 ||| Stepping ~*~*~tactically~*~*~ (stealth).
   511 | D:1      | 511 ||| Stepping ~*~*~tactically~*~*~ (hiding).
   513 | D:1      | 513 ||| Stepping ~*~*~tactically~*~*~ (hiding).
   637 | D:1      | 637 ||| DROPPING +0 club.
   864 | D:1      | Reached skill level 3 in Axes
  1025 | D:1      | 1025 ||| UPGRADING to amulet of faith.
  1030 | D:1      | 1030 ||| READING scroll labelled YNAJ KOXUEFUOM.
  1031 | D:1      | 1031 ||| READING scroll labelled KAESME KORHUEC.
  1032 | D:1      | 1032 ||| READING scroll labelled PICRELE SUCK.
  1037 | D:1      | 1037 ||| DRINKING 2 murky puce potions.
  1037 | D:1      | Gained mutation: [You are frail. (-10% HP)] [potion of
                  | mutation]
  1037 | D:1      | Gained mutation: You expend magic power (3 MP) to
                  | strengthen your wands. [potion of mutation]
  1038 | D:1      | 1038 ||| DRINKING potion of mutation.
  1038 | D:1      | Lost mutation: You expend magic power (3 MP) to strengthen
                  | your wands. [potion of mutation]
  1038 | D:1      | Lost mutation: [You are frail. (-10% HP)] [potion of
                  | mutation]
  1038 | D:1      | Gained mutation: Your flesh is cold resistant. (rC+)
                  | [potion of mutation]
  1038 | D:1      | Gained mutation: You have an increased reservoir of magic.
                  | (+10% MP) [potion of mutation]
  1038 | D:1      | Gained mutation: Your flesh is very cold resistant. (rC++)
                  | [potion of mutation]
  1133 | D:2      | Reached XP level 3. HP: 23/23 MP: 3/3
  1239 | D:2      | 1239 ||| Stepping ~*~*~tactically~*~*~ (hiding).
  1242 | D:2      | 1242 ||| Stepping ~*~*~tactically~*~*~ (hiding).
  1243 | D:2      | 1243 ||| Stepping ~*~*~tactically~*~*~ (hiding).
  1343 | D:2      | Identified the +4 ring mail of the Slightly Bent {rPois
                  | Str+4 Stlth+}
  1509 | D:2      | Reached XP level 4. HP: 28/28 MP: 4/4
  1591 | D:2      | 1591 ||| Stepping ~*~*~tactically~*~*~ (hiding).
  1924 | D:2      | 1924 ||| UPGRADING to +4 ring mail of the Slightly Bent
                  | {rPois Str+4 Stlth+}.
  1934 | D:2      | 1934 ||| DROPPING +0 scale mail.
  1935 | D:2      | 1935 ||| READING scroll labelled UVVOHU ALOF.
  1936 | D:2      | 1936 ||| DRINKING 2 murky dark potions.
  1992 | D:3      | Reached skill level 4 in Axes
  1999 | D:3      | Found a runed translucent gate.
  1999 | D:3      | Found a runed translucent gate.
  2038 | D:3      | 2038 ||| DROPPING +0 whip.
  2103 | D:3      | Found a runed translucent gate.
  2104 | D:3      | Noticed qw's ghost (amateur GrFi)
  2180 | D:3      | 2180 ||| Stepping ~*~*~tactically~*~*~ (stealth).
  2193 | D:3      | 2193 ||| Stepping ~*~*~tactically~*~*~ (stealth).
  2202 | D:3      | 2202 ||| Stepping ~*~*~tactically~*~*~ (stealth).
  2230 | D:3      | 2230 ||| Stepping ~*~*~tactically~*~*~ (stealth).
  2233 | D:3      | 2233 ||| Stepping ~*~*~tactically~*~*~ (stealth).
  2234 | D:3      | 2234 ||| Stepping ~*~*~tactically~*~*~ (stealth).
  2239 | D:3      | 2239 ||| Stepping ~*~*~tactically~*~*~ (stealth).
  2243 | D:3      | 2243 ||| Stepping ~*~*~tactically~*~*~ (stealth).
  2244 | D:3      | 2244 ||| Stepping ~*~*~tactically~*~*~ (stealth).
  2246 | D:3      | 2246 ||| Stepping ~*~*~tactically~*~*~ (stealth).
  2248 | D:3      | 2248 ||| Stepping ~*~*~tactically~*~*~ (stealth).
  2250 | D:3      | 2250 ||| Stepping ~*~*~tactically~*~*~ (stealth).
  2252 | D:3      | 2252 ||| Stepping ~*~*~tactically~*~*~ (stealth).
  2253 | D:3      | 2253 ||| Stepping ~*~*~tactically~*~*~ (stealth).
  2317 | D:3      | 2317 ||| Stepping ~*~*~tactically~*~*~ (stealth).
  2503 | D:3      | 2503 ||| Stepping ~*~*~tactically~*~*~ (stealth).
  2576 | D:3      | 2576 ||| Stepping ~*~*~tactically~*~*~ (stealth).
  2737 | D:3      | 2737 ||| UPGRADING to +0 helmet.
  2742 | D:3      | 2742 ||| READING scroll labelled LOENIW NEMUE.
  2743 | D:3      | 2743 ||| READING scroll labelled KAODUE LIMOCVE.
  2744 | D:3      | 2744 ||| READING scroll labelled AKLIRA LIDEYTT.
  2745 | D:3      | 2745 ||| DRINKING 2 coppery potions.
  2746 | D:3      | 2746 ||| READING 3 scrolls of identify.
  2746 | D:3      | 2746 ||| IDENTIFYING sedimented sapphire potion
  2747 | D:3      | 2747 ||| READING 2 scrolls of identify.
  2747 | D:3      | 2747 ||| IDENTIFYING inky potion
  2748 | D:3      | 2748 ||| DROPPING potion of magic.
  2767 | D:4      | Found an ancient bone altar of Kikubaaqudgha.
  2827 | D:4      | 2827 ||| DROPPING +0 whip of electrocution.
  2949 | D:4      | 2949 ||| Stepping ~*~*~tactically~*~*~ (stealth).
  2951 | D:4      | 2951 ||| Stepping ~*~*~tactically~*~*~ (stealth).
  2953 | D:4      | 2953 ||| Stepping ~*~*~tactically~*~*~ (stealth).
  3031 | D:4      | 3031 ||| Stepping ~*~*~tactically~*~*~ (hiding).
  3034 | D:4      | 3034 ||| Stepping ~*~*~tactically~*~*~ (hiding).
  3035 | D:4      | 3035 ||| Stepping ~*~*~tactically~*~*~ (hiding).
  3036 | D:4      | 3036 ||| Stepping ~*~*~tactically~*~*~ (hiding).
  3144 | D:4      | 3144 ||| Stepping ~*~*~tactically~*~*~ (stealth).
  3157 | D:4      | 3157 ||| Stepping ~*~*~tactically~*~*~ (hiding).
  3182 | D:4      | Reached XP level 5. HP: 18/32 MP: 5/5
  3423 | D:4      | 3423 ||| READING scroll labelled JUNWIPLAMI.
  3424 | D:4      | 3424 ||| READING scroll labelled CEDGHO KETHRUILA.
  3425 | D:4      | 3425 ||| DRINKING 2 ruby potions.
  3426 | D:4      | 3426 ||| READING 4 scrolls of identify.
  3426 | D:4      | 3426 ||| IDENTIFYING dark potion
  3427 | D:4      | 3427 ||| READING 3 scrolls of identify.
  3427 | D:4      | 3427 ||| IDENTIFYING metallic cyan potion
  3456 | D:5      | Entered Level 5 of the Dungeon
  3461 | D:5      | 3461 ||| STAIRDANCE
  3465 | D:4      | Reached skill level 5 in Axes
  3489 | D:5      | 3489 ||| STAIRDANCE
  3567 | D:5      | Reached skill level 1 in Dodging
  3567 | D:5      | Reached XP level 6. HP: 37/37 MP: 6/6
  3575 | D:5      | 3575 ||| Stepping ~*~*~tactically~*~*~ (stealth).
  3609 | D:5      | Noticed a water moccasin
  3624 | D:5      | Killed a water moccasin
  3686 | D:5      | 3686 ||| READING scroll of enchant weapon.
  3686 | D:5      | 3686 ||| ENCHANTING +1 war axe.
  3852 | D:5      | Reached skill level 6 in Axes
  3852 | D:5      | Reached XP level 7. HP: 37/43 MP: 7/7
  3910 | D:5      | 3910 ||| READING scroll of enchant weapon.
  3910 | D:5      | 3910 ||| ENCHANTING +2 war axe.
  3918 | D:5      | 3918 ||| Stepping ~*~*~tactically~*~*~ (stealth).
  3940 | D:5      | 3940 ||| Stepping ~*~*~tactically~*~*~ (stealth).
  3942 | D:5      | 3942 ||| Stepping ~*~*~tactically~*~*~ (stealth).
  3944 | D:5      | 3944 ||| Stepping ~*~*~tactically~*~*~ (stealth).
  3946 | D:5      | 3946 ||| Stepping ~*~*~tactically~*~*~ (stealth).
  3948 | D:5      | 3948 ||| Stepping ~*~*~tactically~*~*~ (stealth).
  3950 | D:5      | 3950 ||| Stepping ~*~*~tactically~*~*~ (stealth).
  4110 | D:5      | Found a runed translucent door.
  4111 | D:5      | Noticed qw's ghost (novice GrFi)
  4142 | D:5      | 4142 ||| READING scroll of enchant weapon.
  4142 | D:5      | 4142 ||| ENCHANTING +3 war axe.
  4332 | D:5      | 4332 ||| UPGRADING to +0 cloak.
  4337 | D:5      | 4337 ||| UPGRADING to +0 plate armour.
  4347 | D:5      | 4347 ||| DROPPING +4 ring mail of the Slightly Bent {rPois
                  | Str+4 Stlth+}.
  4348 | D:5      | 4348 ||| UPGRADING to +6 ring of dexterity.
  4349 | D:5      | 4349 ||| READING scroll labelled VEESKE IXO.
  4350 | D:5      | 4350 ||| READING scroll labelled QAOKIM COL.
  4381 | D:5      | 4381 ||| READING scroll labelled GEYZEBR VIAGG.
  4382 | D:5      | 4382 ||| READING 3 scrolls of identify.
  4382 | D:5      | 4382 ||| IDENTIFYING glowing cyan potion
  4383 | D:5      | 4383 ||| DROPPING potion of brilliance.
  4432 | D:6      | Noticed Blork the orc
  4433 | D:6      | 4433 ||| PLANNING SEWER
  4441 | D:6      | Killed Blork the orc
  4782 | D:6      | Reached skill level 7 in Axes
  4842 | D:6      | 4842 ||| READING 3 scrolls of enchant weapon.
  4842 | D:6      | 4842 ||| ENCHANTING +4 war axe.
  4843 | D:6      | 4843 ||| READING 2 scrolls of enchant weapon.
  4843 | D:6      | 4843 ||| ENCHANTING +5 war axe.
  4844 | D:6      | 4844 ||| READING scroll of enchant weapon.
  4844 | D:6      | 4844 ||| ENCHANTING +6 war axe.
  4990 | D:6      | Reached XP level 8. HP: 47/48 MP: 8/8
  5118 | D:6      | Found a glowing drain.
  5125 | D:6      | 5125 ||| UPGRADING to +0 pair of gloves.
  5130 | D:6      | 5130 ||| READING 2 scrolls labelled BIOLLAL SAU.
  5131 | D:6      | 5131 ||| READING 3 scrolls of identify.
  5131 | D:6      | 5131 ||| IDENTIFYING puce potion
  5132 | D:6      | 5132 ||| DROPPING scroll of fear.
  5133 | D:6      | 5133 ||| DROPPING potion of berserk rage.
  5140 | Sewer    | Entered a sewer
  5189 | Sewer    | 5189 ||| Stepping ~*~*~tactically~*~*~ (hiding).
  5193 | Sewer    | 5193 ||| Stepping ~*~*~tactically~*~*~ (hiding).
  5337 | Sewer    | 5337 ||| Stepping ~*~*~tactically~*~*~ (water).
  5389 | Sewer    | 5389 ||| Stepping ~*~*~tactically~*~*~ (water).
  5710 | Sewer    | 5710 ||| READING scroll of enchant weapon.
  5710 | Sewer    | 5710 ||| ENCHANTING +7 war axe.
  5782 | Sewer    | 5782 ||| Stepping ~*~*~tactically~*~*~ (hiding).
  5817 | D:6      | 5817 ||| PLANNING D:1-11
  5928 | D:7      | Reached skill level 8 in Axes
  6050 | D:7      | 6050 ||| FLEEEEING.
  6051 | D:7      | 6051 ||| FLEEEEING.
  6052 | D:7      | 6052 ||| FLEEEEING.
  6053 | D:7      | 6053 ||| FLEEEEING.
  6058 | D:7      | 6058 ||| FLEEEEING.
  6059 | D:7      | 6059 ||| FLEEEEING.
  6060 | D:7      | 6060 ||| FLEEEEING.
  6061 | D:7      | 6061 ||| FLEEEEING.
  6062 | D:7      | 6062 ||| FLEEEEING.
  6063 | D:7      | 6063 ||| STAIRDANCE
  6089 | D:7      | 6089 ||| Stepping ~*~*~tactically~*~*~ (hiding).
  6090 | D:7      | 6090 ||| Stepping ~*~*~tactically~*~*~ (hiding).
  6101 | D:7      | Reached skill level 6 in Fighting
  6240 | D:7      | Found a staircase to the Ecumenical Temple.
  6241 | D:7      | 6241 ||| PLANNING TEMPLE
  6241 | D:7      | 6241 ||| UPGRADING to ring of fire.
  6242 | D:7      | 6242 ||| READING scroll labelled SUHOKLAEVI.
  6343 | D:7      | 6343 ||| READING scroll labelled LOCRIO DINKUA.
  6351 | Temple   | Entered the Ecumenical Temple
  6352 | Temple   | 6352 ||| PLANNING OKAWARU WORSHIP
  6358 | Temple   | Became a worshipper of Warmaster Okawaru
  6358 | Temple   | 6358 ||| PLANNING D:1-11
  6359 | Temple   | 6359 ||| DROPPING amulet of guardian spirit.
  6410 | D:7      | Reached skill level 6 in Armour
  6410 | D:7      | Reached XP level 9. HP: 55/55 MP: 9/9
  6760 | D:7      | Found an ornate altar of the Wu Jian Council.
  6821 | D:8      | 6821 ||| Stepping ~*~*~tactically~*~*~ (hiding).
  6822 | D:8      | 6822 ||| Stepping ~*~*~tactically~*~*~ (hiding).
  6823 | D:8      | 6823 ||| Stepping ~*~*~tactically~*~*~ (hiding).
  6824 | D:8      | 6824 ||| Stepping ~*~*~tactically~*~*~ (hiding).
  6841 | D:8      | 6841 ||| Stepping ~*~*~tactically~*~*~ (stealth).
  6842 | D:8      | 6842 ||| Stepping ~*~*~tactically~*~*~ (stealth).
  6843 | D:8      | 6843 ||| Stepping ~*~*~tactically~*~*~ (stealth).
  6967 | D:8      | 6967 ||| DROPPING +0 flail.
  7025 | D:8      | 7025 ||| Stepping ~*~*~tactically~*~*~ (hiding).
  7027 | D:8      | 7027 ||| Stepping ~*~*~tactically~*~*~ (hiding).
  7028 | D:8      | 7028 ||| Stepping ~*~*~tactically~*~*~ (hiding).
  7141 | D:8      | Identified the +10 flail "Verghiday" {drain, rF- Will+
                  | Int+3 Dex+4}
  7195 | D:8      | 7195 ||| Stepping ~*~*~tactically~*~*~ (hiding).
  7197 | D:8      | 7197 ||| Stepping ~*~*~tactically~*~*~ (hiding).
  7252 | D:8      | Reached skill level 9 in Axes
  7373 | D:8      | 7373 ||| Stepping ~*~*~tactically~*~*~ (stealth).
  7376 | D:8      | Noticed Pikel
  7377 | D:8      | 7377 ||| Stepping ~*~*~tactically~*~*~ (stealth).
  7397 | D:8      | Killed Pikel
  7397 | D:8      | Reached * piety under Okawaru
  7439 | D:8      | 7439 ||| Stepping ~*~*~tactically~*~*~ (hiding).
  7440 | D:8      | 7440 ||| Stepping ~*~*~tactically~*~*~ (hiding).
  7449 | D:8      | 7449 ||| Stepping ~*~*~tactically~*~*~ (stealth).
  7451 | D:8      | 7451 ||| Stepping ~*~*~tactically~*~*~ (stealth).
  7478 | D:8      | Reached skill level 1 in Invocations
  7485 | D:8      | 7485 ||| Stepping ~*~*~tactically~*~*~ (stealth).
  7509 | D:8      | Reached ** piety under Okawaru
  7652 | D:8      | Found a staircase to the Lair.
  7657 | D:8      | 7657 ||| PLANNING LAIR
  7659 | Lair:1   | Entered Level 1 of the Lair of Beasts
  7659 | Lair:1   | Noticed an elephant
  7659 | Lair:1   | Noticed an elephant
  7661 | Lair:1   | Noticed an elephant
  7664 | Lair:1   | Noticed an elephant
  7669 | Lair:1   | Killed an elephant
  7670 | Lair:1   | Reached skill level 3 in Invocations
  7673 | Lair:1   | Killed an elephant
  7674 | Lair:1   | Reached XP level 10. HP: 47/63 MP: 11/14
  7677 | Lair:1   | 7677 ||| INVOKING Heroism.
  7680 | Lair:1   | Killed an elephant
  7686 | Lair:1   | Killed an elephant
  7686 | Lair:1   | Reached *** piety under Okawaru
  7692 | Lair:1   | Reached skill level 10 in Axes
  7868 | Lair:1   | Noticed a cane toad
  7869 | Lair:1   | 7869 ||| INVOKING Heroism.
  7877 | Lair:1   | Killed a cane toad
  7883 | Lair:1   | Reached **** piety under Okawaru
  7891 | Lair:1   | Noticed a cane toad
  7892 | Lair:1   | 7892 ||| Stepping ~*~*~tactically~*~*~ (stealth).
  7933 | Lair:1   | 7933 ||| Stepping ~*~*~tactically~*~*~ (stealth).
  7936 | Lair:1   | 7936 ||| INVOKING Heroism.
  7941 | Lair:1   | Killed a cane toad
  8031 | Lair:1   | 8031 ||| INVOKING Heroism.
  8045 | Lair:1   | 8045 ||| INVOKING Heroism.
  8163 | Lair:1   | Noticed an orange demon
  8164 | Lair:1   | 8164 ||| Stepping ~*~*~tactically~*~*~ (hiding).
  8176 | Lair:1   | Killed an orange demon
  8176 | Lair:1   | Received a gift from Okawaru
  8177 | Lair:1   | Reached skill level 6 in Invocations
  8196 | Lair:1   | Noticed Amaemon
  8197 | Lair:1   | 8197 ||| Stepping ~*~*~tactically~*~*~ (hiding).
  8198 | Lair:1   | 8198 ||| Stepping ~*~*~tactically~*~*~ (hiding).
  8199 | Lair:1   | 8199 ||| Stepping ~*~*~tactically~*~*~ (hiding).
  8201 | Lair:1   | 8201 ||| INVOKING Heroism.
  8220 | Lair:1   | Killed Amaemon
  8220 | Lair:1   | Received a gift from Okawaru
  8221 | Lair:1   | Reached skill level 1 in Throwing
  8221 | Lair:1   | Reached XP level 11. HP: 68/68 MP: 15/17
  8223 | Lair:1   | 8223 ||| DROPPING +10 flail "Verghiday" {drain, rF- Will+
                  | Int+3 Dex+4}.
  8224 | Lair:1   | 8224 ||| DROPPING +0 morningstar.
  8439 | Lair:1   | 8439 ||| READING scroll of enchant armour.
  8439 | Lair:1   | 8439 ||| ENCHANTING +0 pair of gloves.
  8493 | Lair:1   | 8493 ||| INVOKING Heroism.
  8616 | Lair:1   | 8616 ||| INVOKING Heroism.
  8901 | Lair:2   | Found a hole to the Spider Nest.
  8901 | Lair:2   | Noticed a pharaoh ant
  8902 | Lair:2   | 8902 ||| INVOKING Heroism.
  8907 | Lair:2   | Killed a pharaoh ant
  8907 | Lair:2   | Reached ***** piety under Okawaru
  8931 | Lair:2   | 8931 ||| FLEEEEING.
  8932 | Lair:2   | 8932 ||| FLEEEEING.
  8937 | Lair:2   | 8937 ||| STAIRDANCE
  9074 | Lair:2   | 9074 ||| READING 6 scrolls of identify.
  9074 | Lair:2   | 9074 ||| IDENTIFYING smoky inky potion
  9075 | Lair:2   | 9075 ||| INVOKING Heroism.
  9377 | Lair:2   | 9377 ||| INVOKING Heroism.
  9384 | Lair:2   | Reached skill level 3 in Throwing
  9419 | Lair:2   | Noticed a death yak
  9420 | Lair:2   | 9420 ||| INVOKING Finesse.
  9420 | Lair:2   | Noticed a death yak
  9421 | Lair:2   | Noticed a death yak
  9428 | Lair:2   | Noticed a death yak
  9431 | Lair:2   | Reached skill level 11 in Axes
  9432 | Lair:2   | 9432 ||| INVOKING Heroism.
  9441 | Lair:2   | Killed a death yak
  9449 | Lair:2   | Killed a death yak
  9450 | Lair:2   | Reached skill level 9 in Invocations
  9457 | Lair:2   | Killed a death yak
  9468 | Lair:2   | Killed a death yak
  9610 | Lair:2   | Noticed a skyshark
  9611 | Lair:2   | Identified the +0 robe "Hofy" {rN+ rCorr SInv} (Okawaru
                  | gifted it to you on level 2 of the Lair of Beasts)
  9611 | Lair:2   | Received a gift from Okawaru
  9617 | Lair:2   | Reached skill level 9 in Fighting
  9619 | Lair:2   | Reached XP level 12. HP: 56/76 MP: 21/21
  9620 | Lair:2   | 9620 ||| INVOKING Heroism.
  9623 | Lair:2   | Killed a skyshark
  9658 | Lair:2   | 9658 ||| INVOKING Heroism.
  9692 | Lair:2   | 9692 ||| FLEEEEING.
  9693 | Lair:2   | 9693 ||| FLEEEEING.
  9694 | Lair:2   | 9694 ||| FLEEEEING.
  9806 | Lair:2   | 9806 ||| INVOKING Heroism.
 10187 | Lair:2   | 10187 ||| UPGRADING to +6 ring of strength.
 10189 | Lair:2   | 10189 ||| UPGRADING to +6 ring of dexterity.
 10191 | Lair:2   | 10191 ||| DROPPING potion of degeneration.
 10202 | Lair:3   | 10202 ||| INVOKING Heroism.
 10203 | Lair:3   | 10203 ||| Stepping ~*~*~tactically~*~*~ (stealth).
 10327 | Lair:3   | Reached skill level 3 in Dodging
 10332 | Lair:3   | 10332 ||| INVOKING Heroism.
 10612 | Lair:3   | Identified the staff of cold "Yhiob" {rPois rC+ Int+5}
 10643 | Lair:3   | Reached skill level 12 in Axes
 10715 | Lair:3   | 10715 ||| INVOKING Heroism.
 10804 | Lair:3   | 10804 ||| Stepping ~*~*~tactically~*~*~ (stealth).
 10806 | Lair:3   | 10806 ||| Stepping ~*~*~tactically~*~*~ (stealth).
 10911 | Lair:3   | 10911 ||| INVOKING Heroism.
 11027 | Lair:3   | Found a staircase to the Shoals.
 11223 | Lair:3   | 11223 ||| INVOKING Heroism.
 11224 | Lair:3   | 11224 ||| INVOKING Finesse.
 11416 | Lair:3   | 11416 ||| DROPPING +2 chain mail of willpower.
 11417 | Lair:3   | 11417 ||| DROPPING +1 hat.
 11418 | Lair:3   | 11418 ||| READING 2 scrolls labelled QIH VAORAASU.
 11419 | Lair:3   | 11419 ||| READING 7 scrolls of identify.
 11419 | Lair:3   | 11419 ||| IDENTIFYING purple potion
 11420 | Lair:3   | 11420 ||| READING 6 scrolls of identify.
 11420 | Lair:3   | 11420 ||| IDENTIFYING orange potion
 11421 | Lair:3   | 11421 ||| DROPPING potion of ambrosia.
 11422 | Lair:3   | 11422 ||| DROPPING scroll of summoning.
 11423 | Lair:3   | 11423 ||| DROPPING potion of flight.
 11460 | Lair:4   | 11460 ||| INVOKING Heroism.
 11465 | Lair:4   | Reached skill level 9 in Armour
 11467 | Lair:4   | Reached skill level 6 in Shields
 11519 | Lair:4   | 11519 ||| INVOKING Heroism.
 11623 | Lair:4   | 11623 ||| Stepping ~*~*~tactically~*~*~ (stealth).
 11625 | Lair:4   | 11625 ||| Stepping ~*~*~tactically~*~*~ (hiding).
 11628 | Lair:4   | 11628 ||| INVOKING Heroism.
 11744 | Lair:4   | 11744 ||| INVOKING Heroism.
 11871 | Lair:4   | 11871 ||| INVOKING Heroism.
 11925 | Lair:4   | 11925 ||| Stepping ~*~*~tactically~*~*~ (water).
 12216 | Lair:4   | Reached skill level 13 in Axes
 12216 | Lair:4   | Reached XP level 13. HP: 60/82 MP: 22/22
 12471 | Lair:4   | 12471 ||| DROPPING +6 ring of intelligence.
 12472 | Lair:4   | 12472 ||| DROPPING ring of positive energy.
 12506 | Lair:5   | Entered Level 5 of the Lair of Beasts
 12509 | Lair:5   | 12509 ||| Stepping ~*~*~tactically~*~*~ (stealth).
 12510 | Lair:5   | 12510 ||| INVOKING Heroism.
 12511 | Lair:5   | 12511 ||| INVOKING Finesse.
 12515 | Lair:5   | 12515 ||| SWAPPING to -1 demon whip of venom.
 12524 | Lair:5   | 12524 ||| SWAPPING to +8 war axe.
 12615 | Lair:5   | 12615 ||| Stepping ~*~*~tactically~*~*~ (hiding).
 12616 | Lair:5   | 12616 ||| Stepping ~*~*~tactically~*~*~ (stealth).
 12802 | Lair:5   | 12802 ||| Stepping ~*~*~tactically~*~*~ (stealth).
 12805 | Lair:5   | 12805 ||| Stepping ~*~*~tactically~*~*~ (stealth).
 12839 | Lair:5   | 12839 ||| Stepping ~*~*~tactically~*~*~ (stealth).
 12841 | Lair:5   | 12841 ||| Stepping ~*~*~tactically~*~*~ (stealth).
 12883 | Lair:5   | Found a staircase to the Slime Pits.
 12889 | Lair:5   | 12889 ||| Stepping ~*~*~tactically~*~*~ (stealth).
 12891 | Lair:5   | 12891 ||| Stepping ~*~*~tactically~*~*~ (stealth).
 12894 | Lair:5   | 12894 ||| Stepping ~*~*~tactically~*~*~ (stealth).
 12896 | Lair:5   | 12896 ||| Stepping ~*~*~tactically~*~*~ (stealth).
 12897 | Lair:5   | 12897 ||| Stepping ~*~*~tactically~*~*~ (stealth).
 12939 | Lair:5   | 12939 ||| INVOKING Heroism.
 12944 | Lair:5   | 12944 ||| INVOKING Finesse.
 12952 | Lair:5   | Received a gift from Okawaru
 13100 | Lair:5   | 13100 ||| FLEEEEING.
 13101 | Lair:5   | 13101 ||| FLEEEEING.
 13102 | Lair:5   | 13102 ||| FLEEEEING.
 13103 | Lair:5   | 13103 ||| FLEEEEING.
 13106 | Lair:5   | 13106 ||| FLEEEEING.
 13107 | Lair:5   | 13107 ||| FLEEEEING.
 13108 | Lair:5   | 13108 ||| FLEEEEING.
 13109 | Lair:5   | 13109 ||| FLEEEEING.
 13110 | Lair:5   | 13110 ||| FLEEEEING.
 13111 | Lair:5   | 13111 ||| FLEEEEING.
 13112 | Lair:5   | 13112 ||| FLEEEEING.
 13113 | Lair:5   | 13113 ||| FLEEEEING.
 13114 | Lair:5   | 13114 ||| FLEEEEING.
 13115 | Lair:5   | 13115 ||| FLEEEEING.
 13116 | Lair:5   | 13116 ||| FLEEEEING.
 13117 | Lair:5   | 13117 ||| FLEEEEING.
 13118 | Lair:5   | 13118 ||| FLEEEEING.
 13119 | Lair:5   | 13119 ||| FLEEEEING.
 13120 | Lair:5   | 13120 ||| FLEEEEING.
 13121 | Lair:5   | 13121 ||| FLEEEEING.
 13122 | Lair:5   | 13122 ||| FLEEEEING.
 13123 | Lair:5   | 13123 ||| FLEEEEING.
 13124 | Lair:5   | 13124 ||| FLEEEEING.
 13125 | Lair:5   | 13125 ||| FLEEEEING.
 13126 | Lair:5   | 13126 ||| FLEEEEING.
 13127 | Lair:5   | 13127 ||| FLEEEEING.
 13128 | Lair:5   | 13128 ||| FLEEEEING.
 13129 | Lair:5   | 13129 ||| FLEEEEING.
 13130 | Lair:5   | 13130 ||| FLEEEEING.
 13131 | Lair:5   | 13131 ||| FLEEEEING.
 13132 | Lair:5   | 13132 ||| FLEEEEING.
 13133 | Lair:5   | 13133 ||| FLEEEEING.
 13134 | Lair:5   | 13134 ||| FLEEEEING.
 13135 | Lair:5   | 13135 ||| FLEEEEING.
 13137 | Lair:5   | 13137 ||| INVOKING Heroism.
 13203 | Lair:5   | 13203 ||| Stepping ~*~*~tactically~*~*~ (stealth).
 13204 | Lair:5   | 13204 ||| Stepping ~*~*~tactically~*~*~ (stealth).
 13207 | Lair:5   | 13207 ||| INVOKING Heroism.
 13208 | Lair:5   | 13208 ||| INVOKING Finesse.
 13214 | Lair:5   | Received a gift from Okawaru
 13223 | Lair:5   | Received a gift from Okawaru
 13415 | Lair:5   | 13415 ||| INVOKING Heroism.
 13543 | Lair:5   | 13543 ||| Stepping ~*~*~tactically~*~*~ (stealth).
 13550 | Lair:5   | Reached skill level 14 in Axes
 13552 | Lair:5   | Received a gift from Okawaru
 13579 | Lair:5   | 13579 ||| INVOKING Heroism.
 13600 | Lair:5   | Received a gift from Okawaru
 13639 | Lair:5   | 13639 ||| Stepping ~*~*~tactically~*~*~ (stealth).
 13642 | Lair:5   | 13642 ||| INVOKING Heroism.
 13643 | Lair:5   | 13643 ||| INVOKING Finesse.
 13655 | Lair:5   | Received a gift from Okawaru
 13812 | Lair:5   | 13812 ||| INVOKING Heroism.
 14023 | Lair:5   | 14023 ||| Stepping ~*~*~tactically~*~*~ (stealth).
 14024 | Lair:5   | 14024 ||| Stepping ~*~*~tactically~*~*~ (stealth).
 14025 | Lair:5   | 14025 ||| Stepping ~*~*~tactically~*~*~ (stealth).
 14041 | Lair:5   | Gained mutation: Your large and strong wings let you fly.
                  | [Gargoyle growth]
 14041 | Lair:5   | Reached XP level 14. HP: 86/90 MP: 23/23
 14103 | Lair:5   | 14103 ||| Stepping ~*~*~tactically~*~*~ (hiding).
 14104 | Lair:5   | 14104 ||| Stepping ~*~*~tactically~*~*~ (hiding).
 14180 | Lair:5   | 14180 ||| INVOKING Heroism.
 14181 | Lair:5   | 14181 ||| INVOKING Finesse.
 14186 | Lair:5   | Reached skill level 6 in Throwing
 14187 | Lair:5   | Received a gift from Okawaru
 14248 | Lair:5   | 14248 ||| INVOKING Heroism.
 14249 | Lair:5   | 14249 ||| INVOKING Finesse.
 14255 | Lair:5   | Received a gift from Okawaru
 14437 | Lair:5   | 14437 ||| PLANNING D:1-11
 14711 | D:9      | Found a shadowy altar of Dithmenos.
 14712 | D:9      | Found a hazy altar of Hepliaklqana.
 14747 | D:9      | 14747 ||| Stepping ~*~*~tactically~*~*~ (stealth).
 14813 | D:9      | Noticed Psyche
 14820 | Abyss:2  | Cast into level 2 of the Abyss (Psyche)
 14882 | Abyss:2  | 14882 ||| Stepping ~*~*~tactically~*~*~ (stealth).
 14883 | Abyss:2  | 14883 ||| Stepping ~*~*~tactically~*~*~ (stealth).
 14887 | Abyss:2  | 14887 ||| Stepping ~*~*~tactically~*~*~ (hiding).
 14903 | Abyss:2  | Noticed a tentacled starspawn
 14904 | Abyss:2  | 14904 ||| Stepping ~*~*~tactically~*~*~ (stealth).
 14910 | Abyss:2  | Killed a tentacled starspawn
 14920 | Abyss:2  | Noticed a tentacled starspawn
 14921 | Abyss:2  | 14921 ||| Stepping ~*~*~tactically~*~*~ (stealth).
 14922 | Abyss:2  | 14922 ||| Stepping ~*~*~tactically~*~*~ (stealth).
 14923 | Abyss:2  | 14923 ||| Stepping ~*~*~tactically~*~*~ (stealth).
 14925 | Abyss:2  | 14925 ||| Stepping ~*~*~tactically~*~*~ (stealth).
 14938 | Abyss:2  | 14938 ||| Stepping ~*~*~tactically~*~*~ (stealth).
 14960 | Abyss:2  | 14960 ||| Stepping ~*~*~tactically~*~*~ (stealth).
 14968 | Abyss:2  | 14968 ||| Stepping ~*~*~tactically~*~*~ (stealth).
 14969 | Abyss:2  | 14969 ||| Stepping ~*~*~tactically~*~*~ (stealth).
 15019 | Abyss:2  | 15019 ||| Stepping ~*~*~tactically~*~*~ (hiding).
 15020 | Abyss:2  | Noticed a starcursed mass
 15021 | Abyss:2  | 15021 ||| Stepping ~*~*~tactically~*~*~ (hiding).
 15027 | Abyss:2  | Killed a tentacled starspawn
 15028 | Abyss:2  | Reached skill level 15 in Axes
 15028 | Abyss:2  | 15028 ||| INVOKING Heroism.
 15030 | Abyss:2  | 15030 ||| Stepping ~*~*~tactically~*~*~ (hiding).
 15046 | Abyss:2  | 15046 ||| Stepping ~*~*~tactically~*~*~ (hiding).
 15056 | Abyss:2  | HP: 20/90 [starcursed mass/accursed screaming (8)]
 15057 | Abyss:2  | 15057 ||| READING scroll of teleportation.
 15058 | Abyss:2  | 15058 ||| DRINKING 5 potions of heal wounds.
 15061 | Abyss:2  | HP: 21/90 [constriction (6)]
 15062 | Abyss:2  | 15062 ||| DRINKING 4 potions of heal wounds.
 15149 | Abyss:2  | 15149 ||| Stepping ~*~*~tactically~*~*~ (stealth).
 15164 | Abyss:2  | 15164 ||| Stepping ~*~*~tactically~*~*~ (stealth).
 15165 | Abyss:2  | 15165 ||| Stepping ~*~*~tactically~*~*~ (stealth).
 15244 | Abyss:2  | 15244 ||| Stepping ~*~*~tactically~*~*~ (stealth).
 15249 | Abyss:2  | 15249 ||| Stepping ~*~*~tactically~*~*~ (hiding).
 15259 | Abyss:2  | 15259 ||| Stepping ~*~*~tactically~*~*~ (hiding).
 15294 | Abyss:2  | 15294 ||| Stepping ~*~*~tactically~*~*~ (stealth).
 15323 | Abyss:2  | 15323 ||| INVOKING Heroism.
 15328 | Abyss:2  | Identified the +5 hand axe "Uwottur" {venom, Int+2}
                  | (Okawaru gifted it to you on level 2 of the Abyss)
 15328 | Abyss:2  | Received a gift from Okawaru
 15374 | Abyss:2  | 15374 ||| INVOKING Heroism.
 15425 | Abyss:2  | 15425 ||| Stepping ~*~*~tactically~*~*~ (stealth).
 15428 | Abyss:2  | 15428 ||| Stepping ~*~*~tactically~*~*~ (stealth).
 15429 | Abyss:2  | 15429 ||| INVOKING Heroism.
 15439 | Abyss:2  | HP: 4/63 [large abomination (20)]
 15441 | Abyss:2  | Mangled by a large abomination

Levels and vault maps discovered:
D:1:      minmay_arrival_widening_spiral_narrow, layout_basic
D:2:      layout_rooms, nicolae_hexahallways
D:3:      layout_basic, ebering_ghost_rock_garden, minmay_misc_feat_pillars
D:4:      layout_basic, mainiacjoe_overflow_boulevard
D:5:      layout_loops_ring, gammafunk_ghost_grave
D:6:      layout_basic, portal_sewer_entry_b, minmay_misc_feat_chi,
          uniq_blork_the_orc
D:7:      layout_basic, nicolae_wu_jian_glorious_leap,
          minmay_temple_entry_glassed_door
D:8:      layout_cave_pools, lair_entry_dummy, uniq_pikel
D:9:      layout_loops_ring, riverfiend_overflow_shadow_ancestor,
          old_standard_altar, gammafunk_temple_overflow_pools,
          evilmike_butchery, uniq_psyche
Temple:   nicolae_temple_no_exploring_needed
Lair:1:   layout_gridlike, nicolae_volcano_entry_hallway, pond, uniq_amaemon
Lair:2:   layout_roguey, nicolae_spider_entry_lesser_pyramids,
          beast_lair_carwin_1, grunt_megastairs_4
Lair:3:   layout_chaotic_city, minmay_shoals_entry_hut,
          chequers_serial_rivers_large_a, wad_woods_road_06,
          minmay_lair_oklob_items, chequers_serial_rivers_small_a
Lair:4:   lemuel_reptile_caves, layout_loops_ring, nicolae_lair_lil_pond
Lair:5:   hangedman_lair_in_review, layout_gridlike, wormcave,
          minmay_slime_entry_jelly_boxes
Abyss:2:  base: Lair:5, evilmike_abyss_exit_vortex, evilmike_abyss_exit_1,
          hangedman_abyss_shoalhut, bh_abyss_exit_choice,
          gammafunk_corrupted_shrine

Skill      XL: |  1  2  3  4  5  6  7  8  9 10 11 12 13 14 |
---------------+-------------------------------------------+-----
Axes           | 2 3 4 5 6 7 8 9 10 11 13 14 15 | 15.0
Dodging        | 1 2 3 4 |  4.0
Fighting       | 4 6 7 8 9 10 11 | 11.6
Armour         | 4 6 7 8 9 10 11 | 11.0
Shields        | 5 6 7 |  7.0
Invocations    | 4 6 9 10 | 10.1
Throwing       | 1 3 5 6 |  6.0

Action                     |  1- 3 |  4- 6 |  7- 9 | 10-12 | 13-15 || total
---------------------------+-------+-------+-------+-------+-------++-------
  Melee: War axe           |    87 |   128 |   270 |   435 |   384 ||  1304
         Demon whip        |       |       |       |       |     8 ||     8
  Throw: Javelin           |       |       |       |    54 |    58 ||   112
         Boomerang         |       |       |       |       |     4 ||     4
 Invoke: Heroism           |       |       |       |    25 |    14 ||    39
         Finesse           |       |       |       |     2 |     6 ||     8
    Use: Scroll            |     3 |    11 |    14 |     5 |     1 ||    34
         Potion            |     2 |     3 |       |       |     2 ||     7
   Stab: Petrifying        |       |       |       |       |     1 ||     1
         Petrified         |       |       |       |       |     1 ||     1
 Armour: Scale mail        |    34 |     7 |       |       |       ||    41
         Ring mail         |       |    66 |     8 |       |       ||    74
         Plate armour      |       |       |   162 |   214 |   187 ||   563
  Dodge: Dodged            |    40 |    66 |    69 |   179 |   117 ||   471
  Block: Buckler           |    17 |    24 |    49 |   106 |    88 ||   284

Table legend:
 A = Non-vault XP
 B = Vault XP
 C = Vault XP percentage of total XP
 D = Non-vault monster count
 E = Vault monster count
 F = Vault count percentage of total count
                 A         B        C        D         E       F
            +---------+---------+-------+---------+---------+-------
      Total |   54539 |   18556 |  25.4 |     294 |     126 |  30.0
            +---------+---------+-------+---------+---------+-------
        D:1 |      33 |       0 |   0.0 |      19 |       0 |   0.0
        D:2 |      54 |       0 |   0.0 |      14 |       0 |   0.0
        D:3 |      53 |       0 |   0.0 |      21 |       0 |   0.0
        D:4 |     107 |       0 |   0.0 |       8 |       0 |   0.0
        D:5 |     531 |       0 |   0.0 |      15 |       0 |   0.0
        D:6 |     401 |     134 |  25.0 |      12 |       6 |  33.3
        D:7 |     611 |       0 |   0.0 |      13 |       0 |   0.0
        D:8 |     968 |     617 |  38.9 |      28 |       1 |   3.4
        D:9 |     600 |       0 |   0.0 |       3 |       0 |   0.0
     Lair:1 |    5629 |    1844 |  24.7 |      18 |       6 |  25.0
     Lair:2 |    5293 |    3635 |  40.7 |      12 |      17 |  58.6
     Lair:3 |    4188 |     810 |  16.2 |      23 |       2 |   8.0
     Lair:4 |    4801 |    2594 |  35.1 |      31 |      34 |  52.3
     Lair:5 |   18794 |    8440 |  31.0 |      43 |      32 |  42.7
    Abyss:2 |   12476 |       0 |   0.0 |      34 |       0 |   0.0
      Sewer |       0 |     482 | 100.0 |       0 |      28 | 100.0
            +---------+---------+-------+---------+---------+-------
